 Dungeon Crawl Stone Soup version 0.28.0-47-ge53b351184 (webtiles) character file.

Game seed: 13909402253815787178

625 Iusername the Ruffian (level 7, -3/67 HPs)
             Began as a Troll Fighter on May 5, 2022.
             Slain by an orc wizard
             ... wielding a +0 dagger
              (4 damage)
             ... on level 4 of the Dungeon.
             The game lasted 00:05:14 (2767 turns).

Iusername the Ruffian (Troll Fighter)               Turns: 2767, Time: 00:05:15

Health: -3/67      AC:  5    Str: 27    XL:     7   Next: 23%
Magic:  6/6        EV:  9    Int:  4    God:
Gold:   73         SH:  7    Dex:  9    Spells: 6/6 levels left

rFire   . . .      SeeInvis .     - Unarmed
rCold   . . .      Faith    .   b - +0 kite shield
rNeg    . . .      Spirit   .   a - +0 robe
rPois   .          Reflect  .   o - +0 hat
rElec   .          Harm     .   n - +0 cloak
rCorr   .          Rampage  .   (gloves unavailable)
Will    .....                   (boots unavailable)
Stlth   +.........              (no amulet)
HPRegen 1.01/turn               (no ring)
MPRegen 0.10/turn               (no ring)

@: mighty
A: large, unfitting armour, claws 3, regeneration 1, shaggy fur 1, tough skin 1
a: no special abilities


You were on level 4 of the Dungeon.
You visited 1 branch of the dungeon, and saw 4 of its levels.

You collected 73 gold pieces.

Inventory:

Armour
 a - a +0 robe (worn)
 b - a +0 kite shield (worn)
 n - a +0 cloak (worn)
 o - a +0 hat (worn)
Jewellery
 k - a ring of fire
 m - a ring of magical power
Scrolls
 d - a scroll of brand weapon {unknown}
 e - 2 scrolls of noise {unknown}
 g - a scroll of acquirement {unknown}
 h - a scroll of fear {unknown}
 i - 3 scrolls of immolation {unknown}
 j - 3 scrolls of identify {unknown}
 l - a scroll of enchant weapon {unknown}
Potions
 f - 2 potions of curing {unknown}


   Skills:
 + Level 3.1 Fighting
 + Level 3.9 Dodging
 + Level 0.3 Stealth
 + Level 3.4 Shields
 + Level 5.8 Unarmed Combat


You had 6 spell levels left.
You didn't know any spells.
Your spell library contained the following spells:

 Spells                   Type           Power      Damage    Failure   Level
 Ensorcelled Hibernation  Hex/Ice        0%         N/A       90%         2
 Spider Form              Tmut/Pois      0%         N/A       99%         3
 Anguish                  Hex/Necr       0%         N/A       100%        4


Dungeon Overview and Level Annotations

Branches:
Dungeon (4/15)
 Temple: D:4-7

Altars:
Cheibriados
Hepliaklqana
Ru
Zin


Innate Abilities, Weirdness & Mutations

You are too large for most types of armour.
You have claws for hands.
Your natural rate of healing is unusually fast.
You are covered in fur. (AC +1)
You have tough skin. (AC +1)


Message History

You barely miss the orc. You block the adder's attack. Something hits you.
You block the orc's attack. The orc barely misses you.
The orc hits you but does no damage.
You barely miss the orc. You block the adder's attack.
You hear some strange, mumbled words.
A magic dart appears from out of thin air!
The magic dart hits you! The orc hits you with a +0 club.
* * * LOW HITPOINT WARNING * * *
The orc hits you but does no damage. The adder bites you.
* * * LOW HITPOINT WARNING * * *
The orc hits you but does no damage.
You mangle the orc!!
You kill the orc!
You block something's attack. The adder bites you but does no damage.
The orc hits you but does no damage. x2
You claw the endoplasm!
You kill the endoplasm!
You block the adder's attack. You block something's attack.
You block the orc's attack. The orc hits you with a +0 hand axe.
* * * LOW HITPOINT WARNING * * *
You closely miss something. The adder closely misses you. Something hits you.
* * * LOW HITPOINT WARNING * * *
The orc hits you with a +0 club.
* * * LOW HITPOINT WARNING * * *
You block the adder's attack. The orc barely misses you.
You closely miss something. Something hits you but does no damage.
The adder closely misses you. The orc barely misses you.
The orc closely misses you.
You claw something! Something hits you but does no damage.
The adder bites you but does no damage. The orc closely misses you.
The orc misses you.
You closely miss something. The adder barely misses you.
You hear some strange, mumbled words.
A puff of flame appears from out of thin air!
The puff of flame hits you!
* * * LOW HITPOINT WARNING * * *
The orc hits you with a +0 club.
* * * LOW HITPOINT WARNING * * *
The orc barely misses you. The adder barely misses you. Something hits you.
You die...

####..####+##....#
............#....#
............#....#
............#....#
............#....#
............#....# >
+###....##..#....####...
###....##..####.o......
#.))..........#@)......
+..)..........o{S......
##......................
...##...###...##........
..###.#.#.#.#.###....<..
..###..)#.#...# .......
.....###)..# .......
...#.# #.#.# .......
.....##.#.#.#


You could see an adder and 2 orcs.

Vanquished Creatures
  Sigmund (D:3)
  A scorpion (D:4)
  A howler monkey (D:3)
  3 orc priests (D:4)
  Crazy Yiuf (D:3)
  A bullfrog skeleton (D:4)
  Terence (D:3)
  3 orc wizards (D:4)
  A hound skeleton (D:4)
  5 adders
  A worm (D:3)
  2 dart slugs
  8 orcs (D:4)
  5 bats
  5 endoplasms
  A giant cockroach (D:1)
  5 goblins
  3 hobgoblins
  3 quokkas
  6 ball pythons
  4 frilled lizards
  6 kobolds
  9 rats
76 creatures vanquished.

Notes
Turn   | Place    | Note
-------+----------+-------------------------------------------
     0 | D:1      | Iusername the Troll Fighter began the quest for the Orb.
     0 | D:1      | Reached XP level 1. HP: 22/22 MP: 0/0
    79 | D:1      | Reached XP level 2. HP: 24/29 MP: 1/1
   438 | D:2      | Reached XP level 3. HP: 16/36 MP: 2/2
  1103 | D:2      | Found a faded altar of an unknown god.
  1268 | D:3      | Reached skill level 3 in Unarmed Combat
  1268 | D:3      | Reached XP level 4. HP: 37/44 MP: 3/3
  1350 | D:3      | Found a runed translucent door.
  1351 | D:3      | Noticed Crazy Yiuf
  1358 | D:3      | Killed Crazy Yiuf
  1451 | D:3      | Noticed Sigmund
  1459 | D:3      | Killed Sigmund
  1460 | D:3      | Reached skill level 4 in Unarmed Combat
  1460 | D:3      | Reached XP level 5. HP: 46/52 MP: 4/4
  1460 | D:3      | Reached XP level 6. HP: 52/59 MP: 5/5
  1521 | D:3      | Found a sacrificial altar of Ru.
  1523 | D:3      | Noticed Terence
  1557 | D:3      | Killed Terence
  1836 | D:3      | Found a glowing silver altar of Zin.
  2258 | D:4      | Reached skill level 5 in Unarmed Combat
  2301 | D:4      | Found a snail-covered altar of Cheibriados.
  2301 | D:4      | Found a hazy altar of Hepliaklqana.
  2451 | D:4      | Reached XP level 7. HP: 53/67 MP: 6/6
  2767 | D:4      | HP: 1/67 [orc/+0 club (3)]
  2767 | D:4      | Slain by an orc wizard

Illustrated notes

Levels and vault maps discovered:
D:1:      saegor_arrival_simple_a, layout_rooms
D:2:      layout_basic, dilly_ecumenical_altar_fadedgnrine,
          kennysheep_crisscross, minivault_19, kennysheep_generic_room_8
D:3:      layout_rooms, zin_treasury, mainiacjoe_overflow_catwalk, uniq_terence,
          uniq_crazy_yiuf_cottage, uniq_sigmund
D:4:      layout_gridville, chequers_temple_overflow_minitemple,
          gammafunk_temple_overflow_wave, minmay_starry_boxes

Skill      XL: |  1  2  3  4  5  6 |
---------------+-------------------+-----
Dodging        | 3 |  3.9
Shields        | 3 |  3.4
Unarmed Combat | 3 4 5 |  5.8
Fighting       | 3 |  3.1
Stealth        | |  0.3

Action                   |  1- 3 |  4- 6 |  7- 9 || total
-------------------------+-------+-------+-------++-------
Melee: Unarmed           |    89 |   110 |    17 ||   216
  Use: Potion            |       |       |     1 ||     1
Armor: Robe              |    20 |    34 |    17 ||    71
Dodge: Dodged            |    17 |    34 |    17 ||    68
Block: Kite shield       |    27 |    19 |    11 ||    57
